[ AOE2 MATCH · #482168564 ]
1v1 RMPersians vs Bohemians
Player's team · LOSS
Rival team · WIN
[ REPLAY ANALYSIS · EXTRACTED FROM THE RECORDED GAME ]
Feudal
10:07
Castle
19:22
Imperial
55:15
| APM avg | 34.7 |
| APM peak | 78 |
| eAPM avg | 24.9 |
| Villagers / military | 141 / 554 |
Focus
⚔️ 48.2% · 🌾 51.8%
Archer ×263 · Knight ×141 · Scout Cavalry ×129 · War Elephant ×11 · Skirmisher ×9 · Monk ×1
Feudal
9:42
Castle
18:56
Imperial
37:28
| APM avg | 35.3 |
| APM peak | 90 |
| eAPM avg | 21.6 |
| Villagers / military | 164 / 237 |
Focus
⚔️ 37.8% · 🌾 62.2%
Spearman ×115 · Archer ×103 · Trebuchet (Packed) ×9 · Hussite Wagon ×8 · Skirmisher ×2
Match map
Initial resources + every placement click. Lines = walls · curves = elevation contours. ◆ gold · ⬟ stone · ● berries · ✦ relic · ◌ wall gap
Inputs per minute
— backwife enjoyer - - Peppe
Build order — backwife enjoyer
First 150 of 917 actions detected
| 0:01 | Create | Villager (Male) |
| 0:01 | Create | Villager (Male) |
| 0:01 | Create | Villager (Male) |
| 0:01 | Create | Villager (Male) |
| 0:02 | Create | Villager (Male) |
| 0:02 | Build | House |
| 0:04 | Build | House |
| 0:05 | Build | House |
| 0:06 | Build | House |
| 1:42 | Build | Lumber Camp |
| 1:47 | Create | Villager (Male) |
| 2:18 | Create | Villager (Male) |
| 2:37 | Create | Villager (Male) |
| 3:08 | Create | Villager (Male) |
| 3:27 | Build | Mill |
| 3:29 | Create | Villager (Male) |
| 4:02 | Create | Villager (Male) |
| 4:20 | Create | Villager (Male) |
| 4:44 | Create | Villager (Male) |
| 5:13 | Create | Villager (Male) |
| 5:30 | Create | Villager (Male) |
| 5:42 | Create | Villager (Male) |
| 6:22 | Create | Villager (Male) |
| 6:47 | Create | Villager (Male) |
| 7:08 | Create | Villager (Male) |
| 7:16 | Create | Villager (Male) |
| 8:04 | Research | Feudal Age |
| 8:04 | Research | Loom |
| 8:15 | Build | Palisade Wall |
| 8:19 | Build | Palisade Wall |
| 8:38 | Build | Palisade Wall |
| 8:52 | Build | Lumber Camp |
| 8:57 | Build | Farm |
| 9:00 | Build | Farm |
| 9:03 | Build | Farm |
| 9:11 | Build | Mining Camp |
| 9:19 | Build | House |
| 9:26 | Create | Villager (Male) |
| 9:26 | Create | Villager (Male) |
| 9:56 | Build | House |
| 10:02 | Build | Palisade Wall |
| 10:07 | Age | Feudal Age |
| 10:20 | Research | Double-Bit Axe |
| 10:33 | Build | Farm |
| 10:46 | Create | Villager (Male) |
| 11:04 | Build | Mining Camp |
| 11:18 | Create | Villager (Male) |
| 11:19 | Create | Villager (Male) |
| 11:49 | Build | Farm |
| 12:14 | Build | Farm |
| 12:25 | Create | Villager (Male) |
| 12:26 | Build | Farm |
| 12:36 | Build | Barracks |
| 12:46 | Create | Villager (Male) |
| 12:50 | Build | Farm |
| 13:14 | Research | Wheelbarrow |
| 13:20 | Build | Farm |
| 13:31 | Build | Palisade Wall |
| 13:46 | Build | Building 796 |
| 13:51 | Build | Palisade Wall |
| 14:21 | Build | Blacksmith |
| 14:32 | Create | Villager (Male) |
| 14:57 | Create | Villager (Male) |
| 14:57 | Create | Villager (Male) |
| 15:00 | Build | Farm |
| 15:07 | Build | Farm |
| 15:08 | Build | Farm |
| 15:08 | Build | Farm |
| 15:08 | Build | Farm |
| 15:08 | Build | Farm |
| 15:24 | Build | House |
| 15:28 | Build | Farm |
| 15:46 | Create | Villager (Male) |
| 15:50 | Build | Farm |
| 15:57 | Build | House |
| 16:06 | Build | Palisade Wall |
| 16:11 | Create | Villager (Male) |
| 16:24 | Build | Stable |
| 16:27 | Create | Villager (Male) |
| 16:32 | Build | House |
| 16:33 | Build | House |
| 16:56 | Research | Castle Age |
| 16:56 | Research | Castle Age |
| 17:03 | Research | Gold Mining |
| 17:07 | Research | Stone Mining |
| 17:25 | Build | House |
| 17:26 | Build | House |
| 17:44 | Build | Farm |
| 18:08 | Create | Villager (Male) |
| 18:08 | Create | Villager (Male) |
| 18:26 | Build | Archery Range |
| 18:39 | Research | Bloodlines |
| 18:41 | Research | Forging |
| 18:42 | Research | Scale Barding Armor |
| 18:43 | Research | Fletching |
| 18:59 | Build | Archery Range |
| 19:06 | Build | Stable |
| 19:21 | Build | Farm |
| 19:22 | Age | Castle Age |
| 19:24 | Create | Knight |
| 19:25 | Create | Knight |
| 19:25 | Create | Knight |
| 19:32 | Create | Archer |
| 19:49 | Research | Bow Saw |
| 19:55 | Build | Farm |
| 20:06 | Create | Villager (Male) |
| 20:19 | Research | Horse Collar |
| 20:31 | Build | Farm |
| 20:40 | Create | Knight |
| 21:02 | Build | Town Center |
| 21:30 | Create | Villager (Male) |
| 21:31 | Create | Villager (Male) |
| 21:31 | Create | Villager (Male) |
| 21:31 | Create | Villager (Male) |
| 21:46 | Build | Town Center |
| 21:53 | Create | Villager (Male) |
| 21:54 | Create | Villager (Male) |
| 21:58 | Build | Farm |
| 22:05 | Research | Gold Shaft Mining |
| 22:15 | Create | Knight |
| 22:19 | Create | Archer |
| 22:32 | Build | Building 800 |
| 22:41 | Create | Villager (Male) |
| 22:41 | Create | Villager (Male) |
| 22:42 | Create | Villager (Male) |
| 22:42 | Create | Villager (Male) |
| 22:42 | Create | Villager (Male) |
| 23:05 | Build | Farm |
| 23:09 | Create | Villager (Male) |
| 23:17 | Create | Knight |
| 23:19 | Create | Archer |
| 23:20 | Create | Archer |
| 23:27 | Build | Farm |
| 23:38 | Create | Villager (Male) |
| 23:48 | Build | Farm |
| 23:55 | Create | Archer |
| 23:55 | Create | Archer |
| 24:18 | Build | Farm |
| 24:19 | Create | Villager (Male) |
| 24:19 | Create | Villager (Male) |
| 24:19 | Create | Villager (Male) |
| 24:20 | Create | Villager (Male) |
| 24:20 | Create | Villager (Male) |
| 24:20 | Create | Villager (Male) |
| 24:30 | Create | Villager (Male) |
| 24:39 | Build | Town Center |
| 24:45 | Create | Villager (Male) |
| 24:45 | Create | Villager (Male) |
| 24:45 | Create | Villager (Male) |
| 24:52 | Build | Farm |
Build order — Peppe
First 150 of 583 actions detected
| 0:00 | Create | Villager (Male) |
| 0:00 | Create | Villager (Male) |
| 0:01 | Create | Villager (Male) |
| 0:02 | Build | House |
| 0:04 | Build | House |
| 0:33 | Create | Villager (Male) |
| 0:34 | Create | Villager (Male) |
| 1:14 | Create | Villager (Male) |
| 1:15 | Create | Villager (Male) |
| 1:50 | Build | Lumber Camp |
| 1:53 | Create | Villager (Male) |
| 1:53 | Create | Villager (Male) |
| 2:19 | Create | Villager (Male) |
| 2:47 | Create | Villager (Male) |
| 3:06 | Create | Villager (Male) |
| 3:40 | Create | Villager (Male) |
| 3:51 | Build | House |
| 3:53 | Build | House |
| 4:05 | Create | Villager (Male) |
| 4:05 | Create | Villager (Male) |
| 4:35 | Create | Villager (Male) |
| 4:35 | Create | Villager (Male) |
| 4:51 | Build | Mill |
| 6:13 | Create | Villager (Male) |
| 6:13 | Create | Villager (Male) |
| 6:18 | Research | Loom |
| 6:27 | Create | Villager (Male) |
| 7:32 | Research | Feudal Age |
| 8:09 | Build | Barracks |
| 9:03 | Create | Villager (Male) |
| 9:42 | Age | Feudal Age |
| 9:49 | Build | Archery Range |
| 9:57 | Create | Villager (Male) |
| 9:59 | Research | Double-Bit Axe |
| 10:16 | Build | Mining Camp |
| 10:48 | Create | Villager (Male) |
| 10:48 | Create | Villager (Male) |
| 11:03 | Build | House |
| 11:04 | Build | House |
| 11:08 | Build | Palisade Wall |
| 11:12 | Create | Villager (Male) |
| 11:28 | Create | Archer |
| 11:29 | Create | Archer |
| 11:34 | Create | Skirmisher |
| 11:34 | Create | Skirmisher |
| 12:10 | Create | Villager (Male) |
| 12:12 | Create | Villager (Male) |
| 12:16 | Build | Market |
| 12:51 | Build | Palisade Wall |
| 13:01 | Build | Palisade Wall |
| 13:05 | Build | Palisade Wall |
| 13:10 | Create | Villager (Male) |
| 13:14 | Build | Farm |
| 13:14 | Build | Farm |
| 13:15 | Build | Farm |
| 13:15 | Build | Farm |
| 13:15 | Build | Farm |
| 13:15 | Build | Farm |
| 13:16 | Build | Farm |
| 13:16 | Build | Farm |
| 13:17 | Build | Farm |
| 13:17 | Build | Farm |
| 13:17 | Build | Farm |
| 13:30 | Create | Villager (Male) |
| 13:43 | Build | Farm |
| 13:58 | Create | Villager (Male) |
| 14:02 | Build | Farm |
| 14:27 | Build | House |
| 14:28 | Build | House |
| 14:31 | Create | Villager (Male) |
| 14:56 | Create | Villager (Male) |
| 15:03 | Create | Villager (Male) |
| 15:11 | Build | Farm |
| 15:13 | Build | Farm |
| 15:32 | Build | Farm |
| 15:39 | Create | Villager (Male) |
| 15:44 | Build | Blacksmith |
| 15:45 | Build | House |
| 15:48 | Build | Palisade Wall |
| 16:16 | Research | Castle Age |
| 16:34 | Build | Mining Camp |
| 16:53 | Create | Villager (Male) |
| 17:03 | Research | Fletching |
| 17:04 | Research | Padded Archer Armor |
| 17:28 | Create | Villager (Male) |
| 17:44 | Research | Horse Collar |
| 18:25 | Build | Archery Range |
| 18:28 | Research | Padded Archer Armor |
| 18:37 | Build | House |
| 18:40 | Build | Palisade Wall |
| 18:56 | Age | Castle Age |
| 19:02 | Create | Villager (Male) |
| 19:06 | Research | Wheelbarrow |
| 19:46 | Create | Villager (Male) |
| 19:54 | Build | Town Center |
| 19:55 | Create | Villager (Male) |
| 20:26 | Build | Building 804 |
| 20:38 | Create | Villager (Male) |
| 20:54 | Create | Villager (Male) |
| 21:12 | Research | Crossbowman (upgrade) |
| 21:13 | Create | Villager (Male) |
| 21:16 | Build | Farm |
| 21:33 | Build | Castle |
| 21:36 | Create | Villager (Male) |
| 21:54 | Create | Villager (Male) |
| 22:02 | Build | Farm |
| 22:05 | Create | Villager (Male) |
| 22:05 | Create | Villager (Male) |
| 22:17 | Create | Villager (Male) |
| 22:22 | Create | Archer |
| 22:23 | Create | Archer |
| 22:23 | Create | Archer |
| 22:23 | Create | Archer |
| 22:23 | Create | Archer |
| 22:31 | Build | University |
| 22:50 | Create | Villager (Male) |
| 23:00 | Build | Outpost |
| 23:02 | Build | Outpost |
| 23:05 | Build | Outpost |
| 23:12 | Build | Outpost |
| 23:14 | Create | Villager (Male) |
| 23:17 | Create | Villager (Male) |
| 23:21 | Create | Villager (Male) |
| 23:29 | Build | Farm |
| 23:29 | Build | Farm |
| 23:30 | Build | Farm |
| 23:32 | Create | Villager (Male) |
| 23:47 | Build | Mining Camp |
| 24:02 | Create | Villager (Male) |
| 24:19 | Build | Barracks |
| 24:25 | Create | Villager (Male) |
| 24:26 | Create | Villager (Male) |
| 24:38 | Create | Villager (Male) |
| 24:54 | Create | Villager (Male) |
| 25:12 | Research | Ballistics |
| 25:16 | Research | Scale Mail Armor |
| 25:19 | Create | Villager (Male) |
| 25:28 | Create | Villager (Male) |
| 25:28 | Create | Villager (Male) |
| 25:38 | Create | Hussite Wagon |
| 25:38 | Create | Hussite Wagon |
| 25:54 | Create | Villager (Male) |
| 25:56 | Create | Villager (Male) |
| 26:27 | Research | Pikeman (upgrade) |
| 26:29 | Create | Villager (Male) |
| 26:37 | Build | Lumber Camp |
| 26:38 | Create | Villager (Male) |
| 26:53 | Build | Town Center |
| 26:58 | Create | Villager (Male) |
| 27:05 | Create | Archer |
Match timeline
| 8:09 | Peppe · first_building Barracks |
| 8:15 | backwife enjoyer · wall_segment Palisade Wall x16 |
| 8:19 | backwife enjoyer · wall_segment Palisade Wall x3 |
| 8:38 | backwife enjoyer · wall_segment Palisade Wall x13 |
| 9:42 | Peppe · age_up feudal |
| 9:49 | Peppe · first_building Archery Range |
| 10:02 | backwife enjoyer · wall_segment Palisade Wall x6 |
| 10:07 | backwife enjoyer · age_up feudal |
| 11:08 | Peppe · wall_segment Palisade Wall x16 |
| 12:36 | backwife enjoyer · first_building Barracks |
| 12:51 | Peppe · wall_segment Palisade Wall x2 |
| 13:01 | Peppe · wall_segment Palisade Wall x13 |
| 13:05 | Peppe · wall_segment Palisade Wall x5 |
| 13:31 | backwife enjoyer · wall_segment Palisade Wall x10 |
| 13:51 | backwife enjoyer · wall_segment Palisade Wall x11 |
| 14:49 | Peppe · first_market_sell 100 wood |
| 14:52 | Peppe · first_market_buy 100 food |
| 15:48 | Peppe · wall_segment Palisade Wall x5 |
| 16:06 | backwife enjoyer · wall_segment Palisade Wall x1 |
| 16:24 | backwife enjoyer · first_building Stable |
| 18:26 | backwife enjoyer · first_building Archery Range |
| 18:40 | Peppe · wall_segment Palisade Wall x10 |
| 18:56 | Peppe · age_up castle |
| 19:22 | backwife enjoyer · age_up castle |
| 21:33 | Peppe · first_building Castle |
| 28:31 | backwife enjoyer · first_building Castle |
| 29:12 | backwife enjoyer · first_building Monastery |
| 30:26 | Peppe · first_building Siege Workshop |
| 37:28 | Peppe · age_up imperial |
| 55:15 | backwife enjoyer · age_up imperial |
| 56:39 | backwife enjoyer · first_market_sell 100 stone |
| 58:00 | backwife enjoyer · resign |
[ AI ANALYSIS · 1 CREDIT ]
What really happened in this match?
Wolo.gg analyzes every decision: build order, eco, micro, common mistakes by bracket. Personalized analysis on WhatsApp or Discord in 30 seconds.
Civ guide
Persians
Map guide
Arabia
Perfil
Jugador #4789405